AoeStats
← Bugsibär

Arabia

510518583Analyzed
1v1 RM · 18h ago on Oct 1, 2026· 36m 55s· 2 players
Game mode
Random Map
Map size
Tiny (2 player)
Population
200
Speed
Normal
Resources
Standard
Victory
Conquest
Starting age
Dark Age
Ending age
Imperial Age
RankedLock teamsTeams togetherTeam positionsShared explorationLock speedFull tech treeHidden civsTurbo modeCheats
Victory
Defeat
🇩🇪 Spanish · Germany
1793
+14
🇩🇪 Khitans · Germany
1748
-14
[FaFi] thomas.3
6:37 Loom
8:52 Feudal Age
9:43 Double-Bit Axe
14:31 Forging
17:13 Scale Barding Armor
18:32 Fletching
20:08 Padded Archer Armor
25:34 Castle Age
23:38 Gold Mining
23:48 Domestication
26:20 Husbandry
26:41 Chain Barding Armor
26:56 Iron Casting
27:45 Light Cavalry
28:17 Town Watch
28:55 Bodkin Arrow
29:38 Bow Saw
29:40 Elite Skirmisher
31:34 Thumb Ring
32:23 Wheelbarrow
32:50 Leather Archer Armor
35:29 Ballistics
Bugsibär
7:05 Loom
9:34 Feudal Age
9:43 Man-at-Arms
13:50 Double-Bit Axe
15:01 Fletching
16:38 Double-Bit Axe
21:58 Castle Age
20:47 Horse Collar
22:21 Padded Archer Armor
22:42 Bodkin Arrow
23:13 Bloodlines
24:53 Husbandry
28:18 Ballistics
30:06 Leather Archer Armor
31:47 Gold Mining
32:55 Bow Saw
33:39 Scale Barding Armor
34:58 Stone Mining
38:10 Wheelbarrow
Connection lost

Rejoining the realm…

Still unreachable

The connection could not be restored.

Session expired

The server has moved on; the page needs a fresh start.